Description

Mana Vs Fantasy @IEM Katowice 2019

Replay - FanTaSy v MaNa: Game 2 - Kairos Junction LE

Build Order

Get SALT Encoding   

  12  0:00  Probe  
  13  0:12  Probe  
  14  0:17  Pylon  
  14  0:23  Probe  
  15  0:32  Probe  
  15  0:39  Gateway  
  15  0:40  Probe  
  16  0:46  Assimilator  
  17  0:51  Probe  
  18  1:03  Probe  
  19  1:15  Probe  
  20  1:26  Cybernetics Core  
  20  1:33  Nexus  
  20  1:36  Probe  
  21  1:41  Pylon  
  21  1:48  Assimilator  
  21  1:49  Probe  
  21  1:52  Adept  
  25  2:12  Warp Gate  
  26  2:17  Adept  
  29  2:39  Twilight Council  
  29  2:42  Adept  
  33  2:55  Resonating Glaives  
  35  3:06  Gateway x2  
  39  3:28  Pylon  
  39  3:33  Pylon  
  40  3:40  Pylon  
  43  3:55  Robotics Facility  
  43  4:00  Adept x3  
  47  4:07  Shield Battery  
  51  4:23  Assimilator, Adept x3  
  57  4:28  Shield Battery  
  61  4:40  Blink  
  61  4:44  Observer  
  64  4:47  Adept  
  69  5:13  Immortal  
  70  5:21  Sentry  
  64  5:34  Gateway x4  
  64  5:40  Stalker x2  
  68  5:42  Immortal  
  68  5:43  Assimilator  
  68  5:49  Gateway  
  80  6:19  Observer  
  80  6:21  Warp Prism  
  86  6:41  Stalker x4  
  86  6:42  Sentry  
  96  6:50  Stalker  
  72  7:38  Stalker x3  
Spawning Tool Build Advisor. Get it on Overwolf

Analysis

This build has 2 timing attacks, one with adepts + speed at the begginging and one with immortals+Sentry+stalker at the end. It is difficult that the terran can hold both since due to the timing he will not be preppared when the second one comes.

Go to:

Details

  • Created by: Horuss     
  • Published on: Mar 05, 2019
  • Modified on: Mar 05, 2019
  • Patch: 4.7.1
Show
View Real Time Build Order
Export as new Build Order

Comments (0)

There are no comments. Be the first!

Create an account to comment!